 Dungeon Crawl Stone Soup version 0.16-a0-331-g39fd2ee (webtiles) character file.

39 PolkaDot the Caller (level 3, -5/24 HPs)
             Began as a Vampire Summoner on Sept 7, 2014.
             Killed from afar by Ijyb (10 damage)
             ... with a wand of magic darts
             ... on Level 2 of the Dungeon.
             The game lasted 00:03:56 (1293 turns).

PolkaDot the Caller (Vampire Summoner)              Turns: 1293, Time: 00:03:57

HP  -5/24        AC  2     Str  7      XL: 3   Next: 28%
MP   6/6         EV 12     Int 18      God:
Gold 52          SH  0     Dex 14      Spells:  3 memorised,  0 levels left

rFire  . . .     SeeInvis +     a - +0 dagger
rCold  . . .     Clarity  .     e - +0 robe
rNeg   . . .     rCorr    .     (no shield)
rPois  .         rRot     .     (no helmet)
rElec  .         Spirit   .     (no cloak)
SustAb .         Warding  .     (no gloves)
rMut   .         Stasis   .     (no boots)
Gourm  .                        (no amulet)
MR     .....                    (no ring)
                                (no ring)

@: regenerating quickly, not resistant to hostile enchantments, unstealthy
A: fangs 3, see invisible, unbreathing
a: no special abilities


You were on level 2 of the Dungeon.
You were very full.

You visited 1 branch of the dungeon, and saw 2 of its levels.

You collected 52 gold pieces.

Inventory:

Hand weapons
 a - a +0 dagger (weapon)
 b - a +0 hunting sling
Armour
 e - a +0 robe (worn)
Scrolls
 d - a scroll of teleportation {unknown}
 j - a scroll of remove curse {unknown}
Potions
 c - a potion of blood {@*1}
 g - a potion of confusion {unknown}
 h - a potion of might {unknown}
 i - a potion of agility {unknown}
 k - a potion of brilliance {unknown}
Books
 f - a book of Callings

   Spells                             Type                      Level
   *Summon Small Mammal               Summoning                    1
   *Call Imp                          Summoning                    2
   *Call Canine Familiar              Summoning                    3
   Summon Guardian Golem              Hexes/Summoning              4
   Summon Lightning Spire             Summoning/Air                4
   Summon Ice Beast                   Ice/Summoning                4


   Skills:
 - Level 2.1 Dodging
 - Level 3.0 Stealth
 - Level 2.0 Spellcasting
 * Level 5.1 Summonings


You couldn't memorise any spells.
You knew the following spells:

 Your Spells              Type           Power        Failure   Level  Hunger
a - Summon Small Mammal   Summ           ###.         1%          1    #......
d - Call Canine Familiar  Summ           ###.....     10%         3    ####...
s - Call Imp              Summ           ###.....     3%          2    ##.....


Dungeon Overview and Level Annotations

Branches:
Dungeon (2/15)

Altars:
The Shining One

Annotations:
D:2 Ijyb


Innate Abilities, Weirdness & Mutations

Your natural rate of healing is unusually fast.
You have razor-sharp teeth.
You have supernaturally acute eyesight.
You can survive without breathing.


Message History

You closely miss the giant gecko.
The giant gecko is almost dead.
The giant gecko bites you. The giant gecko misses you.
You barely miss the giant gecko.
The giant gecko is almost dead.
The giant gecko bites you.
You hit the giant gecko.
You kill the giant gecko!
A giant newt and Ijyb come into view.
You are too injured to fight recklessly!
Unknown command.
Ijyb shouts!
Ijyb hits you but does no damage.
Ijyb zaps a wand.
The magic dart hits you!
* * * LOW HITPOINT WARNING * * *
Ijyb zaps a wand.
The magic dart hits you!
* * * LOW HITPOINT WARNING * * *
There is a stone staircase leading down here.
Ijyb zaps a wand.
The magic dart hits you!
You die...

. #.# #.#.#.# #.#.#.#
#.#.#.# # #.#...# ...
#.##..#########.
l...##.##..........#.#
........###.....# #.#.#
#.g..>@...# #.#.#
#.###.....###...#
#.###.....#.#.#.###
#.##......#.#.....#####
#.##......#............
#...............#..####
####.........##.#..####
#.#.#...............
#.........##.#..#.##


You could see Ijyb.

Vanquished Creatures
  A giant gecko (D:2)
  2 bats (D:1)
  A giant cockroach (D:1)
  A hobgoblin (D:1)
  A jackal (D:1)
  2 goblins (D:1)
  3 kobolds (D:1)
  7 rats (D:1)
18 creatures vanquished.

Vanquished Creatures (collateral kills)
  An adder (D:2)
  2 giant mites (D:1)
  2 hobgoblins (D:1)
  A jackal (D:1)
6 creatures vanquished.

Grand Total: 24 creatures vanquished

Notes
Turn   | Place    | Note
--------------------------------------------------------------
     0 | D:1      | PolkaDot, the Vampire Summoner, began the quest for the Orb.
     0 | D:1      | Reached XP level 1. HP: 13/13 MP: 3/3
   322 | D:1      | Found a glowing golden altar of the Shining One.
   438 | D:1      | Reached XP level 2. HP: 2/19 MP: 0/4
   580 | D:1      | Learned a level 2 spell: Call Imp
  1075 | D:1      | Reached skill level 5 in Summonings
  1075 | D:1      | Reached XP level 3. HP: 17/24 MP: 0/6
  1209 | D:2      | Learned a level 3 spell: Call Canine Familiar
  1287 | D:2      | Noticed Ijyb
  1293 | D:2      | Killed from afar by Ijyb

Action                   || total
-------------------------++-------
Melee: Unarmed           ||    63
       Dagger            ||    48
 Cast: Summon Small Mamm ||    10
       Call Imp          ||     5
  Use: Potion            ||     2
 Stab: Sleeping          ||     6
       Distracted        ||     2
  Eat: Corpse            ||    10
